 Dungeon Crawl Stone Soup version 0.29.1-15-g9cfb28693d (webtiles) character file.

Game seed: 993790197609667779

9588 booth the Arsonist (level 11, -10/68 HPs)
             Began as a Demonspawn Fire Elementalist on Mar 7, 2023.
             Was the Champion of Jiyva.
             Mangled by a two-headed ogre
             ... wielding a +0 giant club
              (11 damage)
             ... on level 10 of the Dungeon on Mar 8, 2023.
             The game lasted 01:16:43 (10721 turns).

booth the Arsonist (Demonspawn Fire Elementalist)  Turns: 10721, Time: 01:16:43

Health: -10/68     AC:  7    Str: 10    XL:     11   Next: 25%
Magic:  21/21      EV: 16    Int: 21    God:    Jiyva [******]
Gold:   426        SH:  0    Dex: 18    Spells: 11/24 levels left

rFire   . . .      SeeInvis .   k - +10 dagger of the Final Decision {flame, Int+4}
rCold   . . .      Faith    .   (no shield)
rNeg    . . .      Spirit   .   y - +1 steam dragon scales
rPois   +          Reflect  .   m - +2 hat {Stlth+}
rElec   .          Harm     .   (cloak unavailable)
rCorr   +          Rampage  .   n - +0 pair of gloves
Will    +....                   p - +0 pair of boots
Stlth   +++++.....              (no amulet)
HPRegen 3.41/turn               t - ring of poison resistance
MPRegen 0.67/turn               (no ring)

@: no status effects
A: hooves 1, demonic guardian 1, foul stench 1, weakness stinger 3, demonic
touch 1, agile 1, strong-willed 1, sense surroundings 1, regeneration 2, acidic
bite, pseudopods 3
a: Renounce Religion, Oozemancy, Slimify


You were on level 10 of the Dungeon.
You worshipped Jiyva.
Jiyva was exalted by your worship.
You visited 1 branch of the dungeon, and saw 10 of its levels.
You also visited: Sewer.

You collected 426 gold pieces.

Inventory:

Hand Weapons
 e - the +1 dagger of Devotion {protect, Drain rPois rC+ rCorr}
   (You found it on level 6 of the Dungeon)

   It grants its wielder temporary protection when it strikes (+7 to AC).
   rC:        It protects you from cold.
   rPois:     It protects you from poison.
   rCorr:     It protects you from acid and corrosion.
   Drain:     It drains your maximum health when unequipped.
 f - a +0 hand axe
 i - a +0 quarterstaff
 k - the +10 dagger of the Final Decision (weapon) {flame, Int+4}
   (You found it on level 4 of the Dungeon)

   It burns those it strikes, dealing additional fire damage.
   Int:       It affects your intelligence (+4).
 q - the +7 battleaxe of Nestriosa {protect, Int+7}
   (You found it on level 8 of the Dungeon)

   It grants its wielder temporary protection when it strikes (+7 to AC).
   Int:       It affects your intelligence (+7).
 w - the +1 dagger "Cottyjim" {venom, +Blink rPois}
   (You found it on level 6 of the Dungeon)

   It poisons the flesh of those it strikes.
   rPois:     It protects you from poison.
   +Blink:    It lets you blink.
 C - a +1 flail of protection
Missiles
 d - 29 poisoned darts (quivered)
 h - 6 boomerangs
 D - 6 curare-tipped darts
 H - 3 boomerangs of dispersal
Armour
 m - a +2 hat of stealth (worn)
 n - a +0 pair of gloves (worn)
 p - a +0 pair of boots (worn)
 y - +1 steam dragon scales (worn)
 G - a +2 robe of willpower
Jewellery
 t - a ring of poison resistance (left hand)
 E - an amulet of guardian spirit
Wands
 a - a wand of paralysis (4)
 v - a wand of flame (25)
 A - a wand of acid (6)
 F - a wand of digging (7)
 K - a wand of mindburst (2)
Scrolls
 c - 3 scrolls of fear
 B - a scroll of immolation
 I - a scroll of teleportation {unknown}
 J - a scroll of blinking {unknown}
 L - a scroll of amnesia {unknown}
Potions
 b - 3 potions of magic
 g - 3 potions of haste
 j - 2 potions of curing
 l - a potion of berserk rage
 o - a potion of ambrosia
 r - 2 potions of attraction
 s - a potion of might
 u - a potion of lignification
 x - 3 potions of heal wounds
 z - 2 potions of mutation


   Skills:
 + Level 7.0 Dodging
 + Level 7.7 Stealth
 + Level 7.1 Spellcasting
 + Level 7.4 Conjurations
 * Level 9.4 Fire Magic


You had 11 spell levels left.
You knew the following spells:

 Your Spells              Type           Power      Damage    Failure   Level
a - Foxfire               Conj/Fire      100%       2x1d9     1%          1
b - Scorch                Fire           94%        2d9       1%          2
c - Conjure Flame         Conj/Fire      42%        6-21      1%          3
d - Inner Flame           Hex/Fire       27%        N/A       3%          3
e - Flame Wave            Conj/Fire      42%        2d11      2%          4

Your spell library contained the following spells:

 Spells                   Type           Power      Damage    Failure   Level
 Irradiate                Conj/Tmut      11%        3d15      45%         5
 Blade Hands              Tmut           3%         N/A       94%         5
 Dragon Form              Tmut           3%         N/A       100%        7


Dungeon Overview and Level Annotations

Branches:
Dungeon (10/15)            Temple (0/1) D:5            Lair (0/5) D:9
  Sewer (visited)
    Orc: D:9-12

Altars:
Gozag
Sif Muna
Trog
Wu Jian
Jiyva

Shops:
D:5 *

Annotations:
D:9 1 runed translucent door, growler's ghost, novice DrTm


Innate Abilities, Weirdness & Mutations

You have large cloven feet.
A weak demonic guardian rushes to your aid.
You may rarely emit foul miasma when damaged in melee.
You have a sharp stinger which inflicts weakening toxins.
Your touch may inflict minor irresistible damage on your foes.
You are agile. (Dex +4, Str/Int -1)
You are strong-willed. (Will+)
You passively map a small area around you.
You heal very quickly.
You have acidic saliva.
Armour fits poorly on your massive pseudopods.


Message History

Your bite misses the eight-headed hydra.
The eight-headed hydra is heavily wounded.
The eight-headed hydra closely misses you.
The eight-headed hydra bites you. x2
The eight-headed hydra bites you but does no damage.
The eight-headed hydra completely misses you. x2
The eight-headed hydra bites you but does no damage.
The eight-headed hydra closely misses you.
The eight-headed hydra attacks as you move away!
The eight-headed hydra bites you but does no damage.
The eight-headed hydra bites you.
You emit a cloud of foul miasma!
The eight-headed hydra bites you but does no damage.
The eight-headed hydra closely misses you.
The eight-headed hydra bites you!
The eight-headed hydra completely misses you.
The eight-headed hydra bites you but does no damage.
The eight-headed hydra barely misses you.
Things that are here:
a +0 shortbow; a centaur corpse Cast which spell? (? or * to list)
You conjure some foxfire!
The foxfire hits the two-headed ogre.
The two-headed ogre is lightly wounded.
The foxfire hits the two-headed ogre!
The two-headed ogre is moderately wounded.
You hit the two-headed ogre. You burn the two-headed ogre.
You tail-slap the two-headed ogre, but do no damage.
You bludgeon the two-headed ogre.
The two-headed ogre is moderately wounded.
The two-headed ogre hits you with a +0 giant club!!
* * * LOW HITPOINT WARNING * * *
You shudder from the blow and a jelly pops out!
A demonic guardian appears!
The two-headed ogre completely misses you.
You feel much better.
The two-headed ogre hits you with a +0 giant club!!
* * * LOW HITPOINT WARNING * * *
You shudder from the blow and a jelly pops out!
The two-headed ogre hits you with a +0 giant club!
You die...

..#.#'#.##.....##.....#
##..
..##...##.......##...##,,
,, #.†
...#J..##.......##...#
**##.
...##.##.........##.##
,#. #...#.##.........##.#
## #...#.#########.##.##
* * * #
....##..♣.♣[♣..##J##, ,,
# .....#♣.......♣##5## *
*,# .....##..P.P..##@#§#
, * .#....#♣..♣..♣###O##
, , ##....##..P..#*#D#J#
*, , * *
##.....#♣...♣##.#.#.# , ,
.....#.##...##.#.#,#.# ,
** ....##..#♣.♣###.# ,##*
,, .##.....##.# #D#, * *
.#...##..#.##O# ,* * * ,*
** .....##..##### * , **
* *


You could see a two-headed ogre (ally target), a friendly azure jelly
(summoned), a friendly quicksilver ooze (summoned) and a friendly iron imp
(summoned).

Vanquished Creatures
  Maurice (D:9)
  An unseen horror (D:10)
  2 trolls
  Sigmund (D:5)
  7 yaks
  3 wraiths
  2 vampires (D:10)
  2 steam dragons
  2 water moccasins (D:7)
  Duvessa (D:7)
  An ice beast (D:8)
  2 orc warriors
  A black bear (D:6)
  5 centaurs
  3 kobold brigands
  4 bullfrogs
  A gnoll sergeant (D:10)
  2 necrophages (D:6)
  4 scorpions
  9 wights
  11 killer bees
  A hound (D:7)
  7 orc priests
  5 iguanas
  6 orc wizards
  2 adders
  3 river rats (Sewer)
  A white imp (D:5)
  2 worms
  3 dart slugs
  29 orcs
  3 endoplasms (D:1)
  3 giant cockroaches
  A goblin (D:1)
  3 hobgoblins
  A jackal (D:2)
  5 quokkas
  7 ball pythons
  5 bats
  5 frilled lizards
  12 kobolds
  18 rats
187 creatures vanquished.

Vanquished Creatures (collateral kills)
  3 death yaks (D:9)
  A kobold demonologist (D:9)
  Maggie (D:7)
  A shadow (D:10)
  A yak (D:9)
  2 orc warriors
  A wight (D:10)
  A killer bee (D:9)
  An orc priest (D:9)
  3 orcs
15 creatures vanquished.

Vanquished Creatures (others)
  A shining eye (shapeshifter) (D:10)
  A troll (D:10)
  A slime creature (D:10)
  A wyvern (D:10)
  A vampire mosquito (D:10)
  An orc warrior (D:10)
  An ice beast (D:8)
  A boggart (D:10)
  2 centaurs
  A kobold brigand (D:10)
  Dowan (D:7)
  2 killer bees
  A lava snake (D:10)
  15 jellies
  A hound (D:6)
  An orc priest (D:10)
  2 adders (Sewer)
  A dart slug (D:4)
  An endoplasm (D:4)
  7 orcs
  A giant cockroach (D:3)
  4 hobgoblins
  3 jackals (D:3)
  2 quokkas
  4 ball pythons
  2 bats (D:2)
  2 frilled lizards
  6 kobolds
  4 rats
  298 foxfires
369 creatures vanquished.

Grand Total: 571 creatures vanquished

Notes
Turn   | Place    | Note
-------+----------+-------------------------------------------
     0 | D:1      | booth the Demonspawn Fire Elementalist began the quest for
                  | the Orb.
     0 | D:1      | Reached XP level 1. HP: 13/13 MP: 3/3
   590 | D:1      | Discovered your monstrous ancestry.
   590 | D:1      | Gained mutation: You have a small tail. [demonic ancestry]
   590 | D:1      | Reached XP level 2. HP: 11/19 MP: 0/5
   593 | D:1      | Learned a level 2 spell: Scorch
  1524 | D:1      | Found a faded altar of an unknown god.
  1531 | D:1      | Prayed at the altar of an unknown god.
  1531 | D:1      | Became a worshipper of Jiyva Jakhawog the Shapeless
  1531 | D:1      | Reached * piety under Jiyva
  2141 | D:2      | Reached ** piety under Jiyva
  2395 | D:3      | Reached XP level 3. HP: 24/24 MP: 6/6
  2508 | D:3      | Reached skill level 3 in Fire Magic
  3014 | D:3      | Reached *** piety under Jiyva
  3014 | D:3      | Gained mutation: You are strong-willed. (Will+) [Jiyva's
                  | grace]
  3014 | D:3      | Gained mutation: You are highly strong-willed. (Will++)
                  | [Jiyva's grace]
  3014 | D:3      | Gained mutation: You are extremely strong-willed. (Will+++)
                  | [Jiyva's grace]
  3014 | D:3      | Gained mutation: You have acidic saliva. [Jiyva's grace]
  3391 | D:4      | Identified the +10 dagger of the Final Decision {flame,
                  | Int+4}
  3537 | D:4      | Noticed a scorpion
  3546 | D:4      | Killed a scorpion
  3546 | D:4      | Noticed a scorpion
  3547 | D:4      | Gained mutation: Your touch may inflict minor irresistible
                  | damage on your foes. [demonic ancestry]
  3547 | D:4      | Reached XP level 4. HP: 13/30 MP: 7/7
  3571 | D:4      | Killed a scorpion
  3572 | D:4      | Gained mutation: You may rarely emit foul miasma when
                  | damaged in melee. [demonic ancestry]
  3572 | D:4      | Reached XP level 5. HP: 35/35 MP: 7/9
  3655 | D:4      | Reached **** piety under Jiyva
  4116 | D:5      | Entered Level 5 of the Dungeon
  4286 | D:5      | Noticed Sigmund
  4430 | D:5      | Learned a level 3 spell: Conjure Flame
  4434 | D:5      | Learned a level 3 spell: Inner Flame
  4624 | D:5      | Found Zestriuqa's Gadget Gallery.
  4931 | D:5      | Lost mutation: You are extremely strong-willed. (Will+++)
                  | [Jiyva's grace]
  4931 | D:5      | Lost mutation: You are highly strong-willed. (Will++)
                  | [Jiyva's grace]
  4931 | D:5      | Gained mutation: Your natural rate of healing is unusually
                  | fast. [Jiyva's grace]
  4931 | D:5      | Gained mutation: You heal very quickly. [Jiyva's grace]
  4931 | D:5      | Gained mutation: You regenerate. [Jiyva's grace]
  4931 | D:5      | Gained mutation: You passively map a small area around you.
                  | [Jiyva's grace]
  4934 | D:5      | Found a staircase to the Ecumenical Temple.
  5068 | D:5      | Reached ***** piety under Jiyva
  5242 | D:5      | Killed Sigmund
  5243 | D:5      | Gained mutation: You have a tail ending in a sharp stinger.
                  | [demonic ancestry]
  5243 | D:5      | Reached XP level 6. HP: 41/41 MP: 7/10
  5420 | D:6      | Reached skill level 4 in Fire Magic
  5472 | D:6      | Gained mutation: You have large cloven feet. [demonic
                  | ancestry]
  5472 | D:6      | Reached XP level 7. HP: 46/46 MP: 12/12
  5485 | D:6      | Identified the +1 dagger of Devotion {protect, Drain rPois
                  | rC+ rCorr}
  5589 | D:6      | Found a bloodstained altar of Trog.
  5596 | D:6      | Identified the +1 dagger "Cottyjim" {venom, +Blink rPois}
  5713 | D:6      | Found a glowing drain.
  5717 | Sewer    | Entered a sewer
  6933 | D:7      | Noticed Maggie
  6947 | D:7      | Gained mutation: You have a sharp stinger which inflicts
                  | weakening toxins. [demonic ancestry]
  6947 | D:7      | Reached XP level 8. HP: 52/52 MP: 14/14
  6977 | D:7      | Killed Maggie
  6978 | D:7      | Reached skill level 5 in Fire Magic
  7147 | D:7      | Reached skill level 5 in Stealth
  7333 | D:7      | Noticed Dowan
  7340 | D:7      | Lost mutation: You regenerate. [Jiyva's grace]
  7340 | D:7      | Gained mutation: Armour fits poorly on your pseudopods.
                  | [Jiyva's grace]
  7340 | D:7      | Gained mutation: Armour fits poorly on your large
                  | pseudopods. [Jiyva's grace]
  7340 | D:7      | Gained mutation: Armour fits poorly on your massive
                  | pseudopods. [Jiyva's grace]
  7340 | D:7      | Gained mutation: You are agile. (Dex +4, Str/Int -1)
                  | [Jiyva's grace]
  7355 | D:7      | Killed Dowan
  7485 | D:7      | Reached skill level 5 in Spellcasting
  7485 | D:7      | Reached skill level 5 in Conjurations
  7485 | D:7      | Reached skill level 6 in Fire Magic
  7507 | D:7      | Noticed Duvessa
  7517 | D:7      | Killed Duvessa
  7518 | D:7      | Reached XP level 9. HP: 27/57 MP: 16/16
  7703 | D:8      | Noticed a troll
  7710 | D:8      | Reached skill level 5 in Dodging
  7860 | D:8      | Identified the +7 battleaxe of Nestriosa {protect, Int+7}
  8613 | D:9      | Learned a level 4 spell: Flame Wave
  8633 | D:9      | Reached ****** piety under Jiyva
  8637 | D:9      | Found a runed translucent door.
  8638 | D:9      | Noticed a death knight
  8638 | D:9      | Noticed growler's ghost (novice DrTm)
  8728 | D:9      | Reached skill level 7 in Fire Magic
  9144 | D:9      | Noticed a troll
  9160 | D:9      | Killed a troll
  9161 | D:9      | Gained mutation: A weak demonic guardian rushes to your
                  | aid. [demonic ancestry]
  9161 | D:9      | Reached XP level 10. HP: 50/63 MP: 18/18
  9172 | D:9      | Noticed a death yak
  9173 | D:9      | Noticed a death yak
  9173 | D:9      | Noticed a death yak
  9175 | D:9      | Noticed Maurice
  9200 | D:9      | Killed a death yak
  9202 | D:9      | Killed a death yak
  9203 | D:9      | Reached skill level 8 in Fire Magic
  9240 | D:9      | Killed a death yak
  9266 | D:9      | Noticed a soul eater
  9294 | D:9      | Noticed a soul eater
  9338 | D:9      | Found a staircase to the Lair.
  9379 | D:9      | Killed Maurice
  9902 | D:10     | Entered Level 10 of the Dungeon
 10021 | D:10     | Killed a shining eye
 10100 | D:10     | Found an ornate altar of the Wu Jian Council.
 10100 | D:10     | Found an opulent altar of Gozag.
 10116 | D:10     | Reached skill level 9 in Fire Magic
 10122 | D:10     | Reached XP level 11. HP: 62/68 MP: 21/21
 10186 | D:10     | Found a shimmering blue altar of Sif Muna.
 10588 | D:10     | Found a runed translucent door.
 10680 | D:10     | Noticed a two-headed ogre
 10680 | D:10     | Noticed an eight-headed hydra
 10721 | D:10     | HP: 1/68 [two-headed ogre/+0 giant club (33)]
 10721 | D:10     | Mangled by a two-headed ogre

Illustrated notes

Levels and vault maps discovered:
D:1:      psy_arrival_terrarium, layout_basic,
          dilly_ecumenical_altar_fadedgnrine, st_stairs_3
D:2:      layout_loops_ring
D:3:      layout_basic, skrybe_limestone_x
D:4:      nicolae_cairo_tiling_large, layout_layer_cave,
          chequers_serial_rivers_marsh
D:5:      nicolae_cairo_tiling_very_big, layout_gridville,
          minmay_temple_entry_glassed_door, nicolae_shop_gadgets, uniq_sigmund
D:6:      layout_rooms, lemuel_coloured_pillars_altar, gup_sewer_entry_bowl,
          kb_lookout_dungeons_type
D:7:      layout_loops_ring, corexii_leaking_fountain, grunt_decor_mini_mirrors,
          uniq_duvessa, uniq_maggie
D:8:      layout_loops_ring, lightli_corner_chamber
D:9:      layout_loops_ring, dpeg_lair_monsters, ebering_ghost_inner_flame,
          uniq_maurice
D:10:     minmay_the_grid_triangle_9x9_rhombus_full
          [minmay_the_grid_triangle_9x9_shrine,
          minmay_the_grid_triangle_9x9_checkered,
          minmay_the_grid_triangle_9x9_subtriangle,
          minmay_the_grid_triangle_9x9_empty,
          minmay_the_grid_triangle_9x9_intruding_spiral,
          minmay_the_grid_triangle_9x9_skeleton,
          minmay_the_grid_triangle_9x9_cache,
          minmay_the_grid_triangle_9x9_prize_insulated], layout_cave_pools,
          mainiacjoe_overflow_catwalk, nicolae_overflow_two_pavilions,
          minmay_alternating_orb

Skill      XL: |  1  2  3  4  5  6  7  8  9 10 11 |
---------------+----------------------------------+-----
Dodging        | 2 3 4 5 6 7 |  7.0
Stealth        | 2 3 4 5 6 7 |  7.7
Fire Magic     | 3 4 6 7 9 |  9.4
Conjurations   | 2 3 4 5 6 7 |  7.4
Spellcasting   | 3 4 5 6 7 |  7.1

Action                   |  1- 3 |  4- 6 |  7- 9 | 10-12 || total
-------------------------+-------+-------+-------+-------++-------
Melee: Unarmed           |    18 |       |       |       ||    18
       Dagger            |    37 |    28 |   133 |   124 ||   322
       Tailslap          |     6 |     3 |    15 |    22 ||    46
       Touch             |       |     3 |    23 |    22 ||    48
       Bite              |       |     3 |     6 |    16 ||    25
       Pseudopods        |       |       |     6 |    28 ||    34
       Punch             |       |       |     4 |     1 ||     5
Throw: Dart              |       |       |    13 |       ||    13
       Boomerang         |       |       |    15 |       ||    15
 Cast: Foxfire           |    41 |    22 |    64 |    50 ||   177
       Scorch            |       |     6 |       |       ||     6
       Conjure Flame     |       |       |    13 |     3 ||    16
       Flame Wave        |       |       |       |     1 ||     1
Evoke: Wand              |       |     1 |       |       ||     1
  Use: Scroll            |     2 |     2 |     5 |     2 ||    11
       Potion            |     1 |       |     2 |     1 ||     4
 Stab: Sleeping          |     2 |       |     9 |       ||    11
Armor: Robe              |     9 |     3 |    15 |       ||    27
       Steam dragon scal |       |       |    16 |    48 ||    64
Dodge: Dodged            |    33 |    15 |    69 |   179 ||   296
